 Dungeon Sprint DCSS version 0.17-a0-18-gc25b939 (webtiles) character file.

128 BluebellGnoll the Thaumaturge (level 4, -2/24 HPs)
             Began as a Deep Elf Fire Elementalist on Mar 8, 2015.
             Was a Follower of Qazlal.
             Slain by a scorpion (8 damage)
             ... in the Dungeon (Sprint V: "Ziggurat Sprint").
             The game lasted 00:05:38 (292 turns).

BluebellGnoll the Thaumaturge (DEFE)                 Turns: 292, Time: 00:05:38

Health: -2/24      AC:  2    Str:  5    XL:     4   Next: 87%
Magic:  16/27      EV: 16    Int: 39    God:    Qazlal [*.....]
Gold:   0          SH:  1    Dex: 15    Spells: 5 memorised, 6 levels left

rFire  . . .     SeeInvis .     J - +6 Majin-Bo {vamp, Archmagi MP+6 Int+6}
rCold  . . .     Clarity  .     a - +0 robe
rNeg   . . .     SustAb   .     (no shield)
rPois  .         Gourm    .     (no helmet)
rElec  .         Spirit   .     (no cloak)
rCorr  .         Warding  .     (no gloves)
rMut   .         NoTele   +     (no boots)
MR     .....                    (no amulet)
Stlth  ++........               r - +6 ring of intelligence
                                q - +6 ring of intelligence

@: very slightly contaminated, hasted, very quick, not resistant to hostile
enchantments, unstealthy
A: no striking features
a: Renounce Religion


You were in the Dungeon.
You worshipped Qazlal.
Qazlal was aware of your devotion.
You were not hungry.

You visited 1 branch

Inventory:

Hand weapons
 o - the cursed +14 obsidian axe {chop, +Fly Str+3 SInv Curse}
   (You found it in the Dungeon)

   It inflicts extra damage upon your enemies.
   It affects your strength (+3).
   It enhances your eyesight.
   It lets you fly.
   It may re-curse itself when equipped.
   It has a curse placed upon it.
 J - the +6 Majin-Bo (weapon) {vamp, Archmagi MP+6 Int+6}
   (You found it in the Dungeon)

   It inflicts no extra harm, but heals its wielder somewhat when it strikes a
   living foe.
   It affects your intelligence (+6).
   It affects your magic capacity (+6).
 K - the +7 Singing Sword
   (You found it in the Dungeon)
Armour
 a - a +0 robe (worn)
 s - the +18 shield of the gong {rElec rN+ MR+ EV-5}
   (You found it in the Dungeon)

   It affects your evasion (-5).
   It insulates you from electricity.
   It protects you from negative energy.
   It affects your resistance to hostile enchantments.
Magical staves
 n - an uncursed staff of energy
Jewellery
 p - a +6 ring of dexterity
 q - a +6 ring of intelligence (left hand)
 r - a +6 ring of intelligence (right hand)
Magical devices
 j - a wand of disintegration (7)
 k - a wand of fire (5)
 l - a wand of cold (5)
 m - a wand of draining (5)
Scrolls
 i - 4 scrolls of blinking
 v - 4 scrolls of amnesia
 w - 3 scrolls of recharging
 x - 7 scrolls of fog
 y - a scroll of holy word
 z - 5 scrolls of identify
 A - 5 scrolls of remove curse
 B - 2 scrolls of fear
Potions
 d - 9 potions of curing
 e - 9 potions of heal wounds
 f - 5 potions of haste
 g - 7 potions of magic
 h - 3 potions of berserk rage
 C - 2 potions of brilliance
 D - 2 potions of invisibility
 E - 2 potions of restore abilities
 F - 4 potions of resistance
 H - 5 potions of agility
 I - 5 potions of might
Books
 b - a book of Flames

   Spells                             Type                      Level
   a - Flame Tongue                   Conjuration/Fire             1
   b - Throw Flame                    Conjuration/Fire             2
   c - Conjure Flame                  Conjuration/Fire             3
   d - Inner Flame                    Hexes/Fire                   3
   e - Sticky Flame                   Conjuration/Fire             4
   f - Fireball                       Conjuration/Fire             5
Miscellaneous
 G - a fan of gales
Comestibles
 c - 5 bread rations
 t - 39 fruits
 u - 4 meat rations


   Skills:
 - Level 7.3 Staves
 - Level 6.6 Dodging
 - Level 2.4 Stealth
 - Level 8.2 Spellcasting
 * Level 1.5 Conjurations
 + Level 3.7 Fire Magic


You had 6 spell levels left.
You knew the following spells:

 Your Spells              Type           Power        Failure   Level  Hunger
a - Flame Tongue          Conj/Fire      #####        1%          1    None
b - Throw Flame           Conj/Fire      ######       1%          2    None
c - Conjure Flame         Conj/Fire      ######..     2%          3    None
d - Inner Flame           Hex/Fire       #####...     3%          3    None
e - Sticky Flame          Conj/Fire      ######..     10%         4    None


Dungeon Overview and Level Annotations

Branches:
Dungeon (1/1)

Altars:
Ashenzari
Cheibriados
Dithmenos
Elyvilon
Fedhas
Gozag
Kikubaaqudgha
Makhleb
Nemelex Xobeh
Okawaru
Qazlal
Ru
Sif Muna
Trog
Vehumet
Xom
Yredelemnul
Zin
The Shining One
Beogh
Jiyva
Lugonu


Message History

Casting: Flame Tongue
Confirm with . or Enter, or press ? or * to list all spells.
Aiming: Flame Tongue
Press: ? - help, Shift-Dir - straight line, f/p - scorpion
Aim: a scorpion (moderately wounded)
You feel a surge of power!
The flame tongue hits the scorpion.
The scorpion is heavily wounded.
The scorpion stings you.
* * * LOW HITPOINT WARNING * * *
You block the scorpion's attack.
Casting: Flame Tongue
Confirm with . or Enter, or press ? or * to list all spells.
Aiming: Flame Tongue
Press: ? - help, Shift-Dir - straight line, f/p - scorpion
Aim: a scorpion (heavily wounded)
You feel a surge of power!
The flame tongue hits the scorpion.
The scorpion is heavily wounded.
* * * LOW HITPOINT WARNING * * *
The scorpion stings you!
You die...

▓▓▓▓▓▓▓▓▓▓▓▓▓
▓.8©8.▓.8©8.▓
▓.)|).▓.....▓
▓.....▓.)...▓
▓.....▓.....▓
▓.....▓.....▓
▓.ss§.▓.....▓
▓..@..▓▓▓▓▓▓▓
▓▓▓▓▓▓▓


You could see 2 scorpions.

Vanquished Creatures
  A water moccasin (D)
  A giant mite (D)
  A ball python (D)
3 creatures vanquished.

Notes
Turn   | Place    | Note
--------------------------------------------------------------
     0 | D        | BluebellGnoll, the Deep Elf Fire Elementalist, began the quest for the Orb.
     0 | D        | Reached XP level 1. HP: 10/10 MP: 5/5
     0 | D        | Found a viscous altar of Jiyva.
     0 | D        | Found a corrupted altar of Lugonu.
     0 | D        | Found a white marble altar of Elyvilon.
     2 | D        | Found a sparkling altar of Nemelex Xobeh.
     2 | D        | Found a burning altar of Makhleb.
     5 | D        | Found a deep blue altar of Sif Muna.
     5 | D        | Found a bloodstained altar of Trog.
    10 | D        | Found an iron altar of Okawaru.
    20 | D        | Found a radiant altar of Vehumet.
    24 | D        | Found a basalt altar of Yredelemnul.
    25 | D        | Found a shimmering altar of Xom.
    59 | D        | Became a worshipper of Qazlal Stormbringer
    64 | D        | Reached skill level 7 in Staves
    64 | D        | Reached XP level 2. HP: 15/15 MP: 8/8
    68 | D        | Learned a level 2 spell: Throw Flame
   119 | D        | Entered arena 1.
   119 | D        | Noticed a water moccasin
   135 | D        | Killed a water moccasin
   135 | D        | Reached skill level 8 in Spellcasting
   135 | D        | Reached XP level 3. HP: 10/19 MP: 14/18
   135 | D        | Reached XP level 4. HP: 12/24 MP: 15/21
   144 | D        | Learned a level 3 spell: Conjure Flame
   148 | D        | Learned a level 3 spell: Inner Flame
   153 | D        | Learned a level 4 spell: Sticky Flame
   280 | D        | Entered arena 2.
   280 | D        | Noticed a scorpion
   280 | D        | Noticed a scorpion
   285 | D        | Acquired Qazlal's first power
   292 | D        | Slain by a scorpion

Action                   |  1- 3 |  4- 6 || total
-------------------------+-------+-------++-------
Melee: Quarterstaff      |    11 |       ||    11
 Cast: Flame Tongue      |     3 |    12 ||    15
  Use: Potion            |     3 |     1 ||     4
  Eat: Fruit             |     2 |     1 ||     3
